 Dungeon Crawl Stone Soup version 0.30-b1-2-g02819fbbbe (webtiles) character file.

Game seed: 1748943509362382869

1712 ChickenMitten the Protected (level 9, -6/72 HPs)
             Began as a Formicid Fighter on Nov 12, 2023.
             Was an Initiate of Gozag.
             Mangled by a red devil
             ... wielding a +0 trident
             ... summoned by a kobold demonologist
              (17 damage)
             ... on level 6 of the Dungeon.
             The game lasted 00:10:50 (4940 turns).

ChickenMitten the Protected (Formicid Fighter)      Turns: 4940, Time: 00:10:50

Health: -6/72      AC: 15    Str: 26    XL:     9   Next: 24%
Magic:  9/9        EV:  9    Int:  7    God:    Gozag
Gold:   456        SH:  6    Dex: 13    Spells: 8/8 levels left

rFire   + . .        q - +2 flail (protect)
rCold   . . .        c - +0 buckler
rNeg    + . .        b - +0 scale mail
rPois   .            (helmet unavailable)
rElec   .            (no cloak)
rCorr   .            (no gloves)
SInv    +            (no boots)
Will    .....        (no amulet) Stlth
                     l - ring of protection from fire
HPRegen 0.32/turn    w - ring of positive energy
MPRegen 0.11/turn

%: no passive effects
@: mighty, spiked, gold aura, under a protective aura
A: permanent stasis, dig shafts and tunnels, antennae 3, four strong arms
a: Dig, Shaft Self, Renounce Religion, Potion Petition, Call Merchant, Bribe
Branch


You were on level 6 of the Dungeon.
You worshipped Gozag.
Gozag was aware of your devotion.
You visited 2 branches of the dungeon, and saw 7 of its levels.

You collected 629 gold pieces.
You spent 96 gold pieces at shops.
You paid 77 gold pieces to Gozag.

Inventory:

Hand Weapons
 a - a +0 war axe
 q - a +2 flail of protection (weapon)
 C - a +0 arbalest
Armour
 b - a +0 scale mail (worn)
 c - a +0 buckler (worn)
Jewellery
 l - a ring of protection from fire (left hand)
 w - a ring of positive energy (right hand)
 y - a ring of willpower
Wands
 e - a wand of mindburst (3)
 E - a wand of iceblast (15)
 F - a wand of flame (17)
Scrolls
 f - a scroll of fear {unknown}
 g - 3 scrolls of magic mapping
 h - 2 scrolls of enchant weapon {unknown}
 i - a scroll of vulnerability {unknown}
 k - a scroll of fog {unknown}
 m - 3 scrolls of poison
 o - 2 scrolls of immolation
 r - 2 scrolls of enchant armour
 s - 2 scrolls of amnesia
 t - a scroll of silence {unknown}
 u - a scroll of torment {unknown}
 v - 2 scrolls of blinking {unknown}
 x - a scroll of teleportation {unknown}
 G - 2 scrolls of identify
Potions
 j - a potion of mutation
 n - 3 potions of heal wounds
 p - 3 potions of degeneration
 z - a potion of resistance
 A - 2 potions of curing
 B - 3 potions of brilliance
 D - a potion of flight {unknown}
 H - 2 potions of lignification {unknown}
 I - 2 potions of magic {unknown}


   Skills:
 * Level 7.0 Fighting
 * Level 5.4 Axes
 * Level 8.0 Armour
 * Level 7.5 Shields
 + Level 0.4 Evocations


You had 8 spell levels left.
You didn't know any spells.
Your spell library contained the following spells:

 Spells                   Type           Power      Damage    Failure   Level
 Freeze                   Ice            0%         1d3       73%         1
 Frozen Ramparts          Ice            0%         1d1       97%         3
 Hailstorm                Conj/Ice       0%         3d3       97%         3
 Malign Gateway           Summ/Tloc      0%         N/A       100%        7
 Summon Horrible Things   Summ           0%         N/A       100%        8


Dungeon Overview and Level Annotations

Branches:
Dungeon (6/15)             Temple (1/1) D:4

Altars:
Cheibriados
Gozag
Kikubaaqudgha
Sif Muna
Xom

Shops:
D:3 !!   D:4 *

Annotations:
D:2 1 runed translucent door, Crazy Yiuf
D:6 KuroJack's ghost, novice GrEE


Innate Abilities, Weirdness & Mutations

You cannot be hasted, slowed, berserked, paralysed or teleported.
You can dig through walls and to a lower floor.
You have a pair of large antennae on your head. (SInv)
Your four strong arms can wield two-handed weapons with a shield.


Message History

You are more poisoned.
You feel very sick.
The iron imp shouts!
You closely miss the kobold brigand.
You feel very sick. The kobold brigand barely misses you.
You closely miss the kobold brigand.
You feel very sick.
The kobold brigand hits you with a +0 short sword.
The earth trembles for a moment.
You block the kobold brigand's attack.
You bludgeon the kobold brigand!!
Your weapon exudes an aura of protection.
The kobold brigand is severely wounded.
You feel sick.
The kobold brigand hits you but does no damage.
You hit the kobold brigand.
The kobold brigand is severely wounded.
You feel sick. The kobold brigand closely misses you.
You sock the kobold brigand!
You kill the kobold brigand!
You feel sick.
Your Fighting skill increases to level 7!
Your Armour skill increases to level 8!
You barely miss the kobold brigand.
You feel sick.
The kobold brigand hits you but does no damage.
The red devil hits you from afar with a +0 trident!
Barbed spikes become lodged in your body.
You block the kobold brigand's attack.
You closely miss the kobold brigand.
You feel sick.
You are no longer poisoned.
The red devil hits you from afar with a +0 trident!
* * * LOW HITPOINT WARNING * * *
Barbed spikes become lodged in your body.
The kobold brigand hits you with a +3 whip.
* * * LOW HITPOINT WARNING * * *
The kobold demonologist casts a spell.
The red devil hits you from afar with a +0 trident!
You die...
Your body crumbles into a pile of gold.

########## ####### ####........#
#.....# ...#........# #.....#
.$.#.......5#########.....#######
.........45KW54K@.........'.....>
...#......KK#######.#.....######.
####......{##KK.##..<####### #.
#.....{{#K#.#.##....#...# ###.
#.......K..#..$#........###...
#.....)KK.....$#.....##.#.#.#. #
#.(.....'..#..?##.##.##.#.#.#.
##########.#.#.#.# #....##.#...#.
...........##.⌠.##########.#...#.


You could see a kobold demonologist, a chaos spawn (summoned), a red devil
(summoned), 3 kobold brigands, an iron imp (summoned), a quasit (summoned),
KuroJack's ghost and a crimson imp (summoned).

Vanquished Creatures
  Maggie (D:6)
  Eustachio (D:6)
  A water moccasin (D:5)
  An orc warrior (D:6)
  An ice beast (D:4)
  A phantom (D:6)
  2 kobold brigands (D:6)
  3 scorpions
  A howler monkey (D:5)
  3 hounds
  2 jellies
  3 orc priests
  Terence (D:3)
  2 iguanas (D:6)
  2 orc wizards
  9 adders
  2 shadow imps (D:6)
  A white imp (D:6)
  2 ufetubi
  A worm (D:3)
  A dart slug (D:1)
  11 orcs
  10 ball pythons
  5 bats
  9 endoplasms
  6 giant cockroaches
  5 goblins
  7 hobgoblins
  7 jackals
  7 kobolds
  6 quokkas
  4 frilled lizards
  10 rats
128 creatures vanquished.

Vanquished Creatures (others)
  An orc (D:3)
  2 plants (D:3)
  4 toadstools (D:1)
7 creatures vanquished.

Grand Total: 135 creatures vanquished

Notes
Turn   | Place    | Note
-------+----------+-------------------------------------------
     0 | D:1      | ChickenMitten the Formicid Fighter began the quest for the
                  | Orb.
     0 | D:1      | Reached XP level 1. HP: 18/18 MP: 1/1
   115 | D:1      | You fall into a shaft and drop 1 floor!
   177 | D:2      | Reached XP level 2. HP: 24/24 MP: 2/2
   194 | D:2      | Reached XP level 3. HP: 30/30 MP: 3/3
   601 | D:1      | Reached XP level 4. HP: 34/37 MP: 4/4
  1035 | D:2      | Found a runed translucent door.
  1036 | D:2      | Noticed Crazy Yiuf
  1593 | D:3      | Reached XP level 5. HP: 42/42 MP: 5/5
  1674 | D:3      | Noticed Terence
  1684 | D:3      | Killed Terence
  1786 | D:3      | Found Basyof's Distillery.
  1928 | D:3      | Reached skill level 4 in Armour
  2239 | D:3      | Found Odexo's Distillery.
  2243 | D:3      | Bought a potion of heal wounds for 60 gold pieces
  2352 | D:3      | Bought a potion of curing for 36 gold pieces
  2366 | D:4      | Found Bufetec's Elemental Accessories.
  2391 | D:3      | Reached XP level 6. HP: 32/49 MP: 6/6
  2508 | D:4      | Found a staircase to the Ecumenical Temple.
  2518 | Temple   | Entered the Ecumenical Temple
  2523 | Temple   | Became a worshipper of Gozag Ym Sagoz the Greedy
  2556 | D:4      | Reached skill level 5 in Shields
  2588 | D:4      | Noticed an ice beast
  2611 | D:4      | Killed an ice beast
  2777 | D:4      | Reached XP level 7. HP: 55/55 MP: 7/7
  3048 | D:4      | Reached skill level 5 in Armour
  3304 | D:5      | Entered Level 5 of the Dungeon
  3320 | D:4      | Reached skill level 5 in Fighting
  3682 | D:5      | Noticed a water moccasin
  3693 | D:5      | Killed a water moccasin
  3822 | D:5      | Reached XP level 8. HP: 34/63 MP: 8/8
  3838 | D:5      | Reached skill level 6 in Armour
  4070 | D:5      | Found a shimmering blue altar of Sif Muna.
  4423 | D:6      | Reached skill level 5 in Axes
  4619 | D:6      | Found an ancient bone altar of Kikubaaqudgha.
  4874 | D:6      | Noticed Maggie
  4893 | D:6      | Killed Maggie
  4894 | D:6      | Reached skill level 7 in Armour
  4894 | D:6      | Reached XP level 9. HP: 58/71 MP: 9/9
  4898 | D:6      | Noticed Eustachio
  4903 | D:6      | Killed Eustachio
  4915 | D:6      | Found a runed translucent gate.
  4915 | D:6      | Found a runed translucent gate.
  4915 | D:6      | Found a runed translucent gate.
  4918 | D:6      | Noticed a kobold demonologist
  4919 | D:6      | Noticed KuroJack's ghost (novice GrEE)
  4927 | D:6      | Noticed a red devil
  4939 | D:6      | Reached skill level 8 in Armour
  4940 | D:6      | Mangled by a red devil

Illustrated notes

Levels and vault maps discovered:
D:1:      ldierk_walled_garden_2, layout_loops_ring
D:2:      layout_rooms, minmay_hedge_maze, minmay_hexomino_u4,
          uniq_crazy_yiuf_cottage
D:3:      layout_basic, nicolae_overflow_hidden_temple, serial_shops,
          nicolae_shop_industrial_runoff, shop, minmay_shallow_snake_nest,
          uniq_terence
D:4:      layout_loops_cross, minmay_temple_entry_large_hall,
          nicolae_elemental_shop
D:5:      layout_basic, nicolae_sif_muna_condensation, grunt_decor_fettered
D:6:      layout_basic, nicolae_kikubaaqudgha_miasma_corner,
          gammafunk_ghost_nasty_kobolds, uniq_eustachio, uniq_maggie
Temple:   hellmonk_temple_of_storms

Skill      XL: |  1  2  3  4  5  6  7  8  9 |
---------------+----------------------------+-----
Fighting       | 4 5 6 7 |  7.0
Axes           | 3 4 5 |  5.4
Armour         | 4 5 7 8 |  8.0
Shields        | 5 6 7 |  7.5
Evocations     | |  0.4

Action                     |  1- 3 |  4- 6 |  7- 9 || total
---------------------------+-------+-------+-------++-------
  Melee: War axe           |    73 |    46 |       ||   119
         Flail             |       |   109 |   186 ||   295
  Evoke: Wand              |       |       |     6 ||     6
    Use: Scroll            |       |     9 |       ||     9
         Potion            |       |     1 |     1 ||     2
   Stab: Distracted        |       |       |     1 ||     1
 Armour: Scale mail        |    41 |    67 |    96 ||   204
  Dodge: Dodged            |    26 |    68 |    87 ||   181
  Block: Buckler           |    20 |    43 |    48 ||   111
